 Dungeon Crawl Stone Soup version 0.26.0-45-g9c1d065592 (webtiles) character file.

Game seed: 2957627316197298091

63 pablito the Vexing (level 4, -2/34 HPs)
             Began as a Gnoll Arcane Marksman on Jan 30, 2021.
             Killed from afar by Natasha (4 damage)
             ... with a magic dart
             ... on level 2 of the Dungeon.
             The game lasted 00:04:33 (1100 turns).

pablito the Vexing (Gnoll Arcane Marksman)          Turns: 1100, Time: 00:04:34

Health: -2/34      AC: 10    Str: 13    XL:     4   Next: 10%
Magic:  8/8        EV: 13    Int: 16    God:
Gold:   124        SH:  0    Dex: 15    Spells: 7/8 levels left

rFire    . . .     SeeInvis .   a - +0 shortbow
rCold    . . .     Faith    .   (shield currently unavailable)
rNeg     . . .     Spirit   .   g - quicksilver dragon scales
rPois    .         Reflect  .   h - +0 helmet
rElec    .         Harm     .   (no cloak)
rCorr    .         Rampage  .   (no gloves)
Will     +....                  (no boots)
Stlth    +.........             (no amulet)
HPRegen  0.11/turn              (no ring)
MPRegen  0.11/turn              (no ring)

@: no status effects
A: distributed training, fangs 1, strong nose
a: no special abilities


You were on level 2 of the Dungeon.
You visited 1 branch of the dungeon, and saw 2 of its levels.

You collected 124 gold pieces.

Inventory:

Hand Weapons
 a - a +0 shortbow (weapon)
Armour
 g - quicksilver dragon scales (worn)
 h - a +0 helmet (worn)
Scrolls
 b - a scroll of noise {unknown}
 f - a scroll of magic mapping {unknown}
Potions
 c - a potion of brilliance {unknown}
 e - a potion of curing {unknown}


   Skills:
 + Level 2.7 Fighting
 + Level 1.0 Short Blades
 + Level 1.0 Long Blades
 + Level 1.0 Axes
 + Level 1.0 Maces & Flails
 + Level 1.0 Polearms
 + Level 1.0 Staves
 + Level 1.0 Slings
 + Level 4.6 Bows
 + Level 1.0 Crossbows
 + Level 1.0 Throwing
 + Level 1.0 Armour
 + Level 4.6 Dodging
 + Level 1.0 Stealth
 + Level 1.0 Shields
 + Level 1.0 Unarmed Combat
 + Level 2.9 Spellcasting
 + Level 0.8 Conjurations
 + Level 5.4 Hexes
 + Level 0.8 Summonings
 + Level 0.8 Necromancy
 + Level 0.8 Translocations
 + Level 0.8 Transmutations
 + Level 0.8 Fire Magic
 + Level 0.8 Ice Magic
 + Level 0.8 Air Magic
 + Level 0.8 Earth Magic
 + Level 0.8 Poison Magic
 + Level 1.1 Invocations
 + Level 1.0 Evocations


You had 7 spell levels left.
You knew the following spells:

 Your Spells              Type           Power        Failure   Level
a - Corona                Hex            21%          4%          1

Your spell library contained the following spells:

 Spells                   Type           Power        Failure   Level
 Slow                     Hex            19%          6%          2
 Inner Flame              Hex/Fire       12%          32%         3
 Portal Projectile        Hex/Tloc       24%          32%         3
 Cause Fear               Hex            9%           38%         4
 Leda's Liquefaction      Hex/Erth       6%           73%         4


Dungeon Overview and Level Annotations

Branches:
Dungeon (2/15)

Altars:

Annotations:
D:2 Natasha


Innate Abilities, Weirdness & Mutations

Your experience applies equally to all skills.
You have very sharp teeth.
Your uncanny sense of smell can sniff out nearby items.


Message History

The white imp disappears for a moment.
The white imp gestures at you. The puff of frost hits you.
* * * LOW HITPOINT WARNING * * *
Natasha claws you but does no damage.
The shadow imp hits you but does no damage.
The white imp gestures at you.
The puff of frost hits you but does no damage.
You clumsily bash Natasha but do no damage.
Natasha is almost dead.
The shadow imp disappears in a puff of smoke!
Natasha claws you but does no damage.
The white imp picks up a beetle and eats it.
The white imp hits you.
* * * LOW HITPOINT WARNING * * *
The white imp freezes you.
* * * LOW HITPOINT WARNING * * *
Natasha stares at you and mumbles some strange words.
The magic dart hits you.
You die...

####.#..######.†#####.#
#.##.### #..†.....#
#.#..†.## #.######....
# #.#.##...##.# . ##
#.#.# ##....## .# #...#
###...# .# #.### #...##
.###.#### ##...#
........# #..@#
...#.##.# ##5§h......
.....# .. #.........
.<#.## #.# ##...(..(.
..#.# . #...##.## ###.#
###.# # #.# .. .< ...


You could see Natasha and a white imp (summoned).

Vanquished Creatures
  3 oozes
  2 worms (D:2)
  5 bats
  2 giant cockroaches (D:1)
  A goblin (D:1)
  10 hobgoblins
  4 jackals (D:1)
  6 kobolds
  A ball python (D:2)
  3 frilled lizards (D:1)
  4 rats (D:1)
41 creatures vanquished.

Notes
Turn   | Place    | Note
-------+----------+-------------------------------------------
     0 | D:1      | pablito the Gnoll Arcane Marksman began the quest for the
                  | Orb.
     0 | D:1      | Reached XP level 1. HP: 17/17 MP: 4/4
   119 | D:1      | Reached XP level 2. HP: 23/23 MP: 5/5
   321 | D:1      | Reached XP level 3. HP: 26/28 MP: 7/7
   609 | D:1      | Reached skill level 1 in Invocations
   948 | D:2      | Reached skill level 1 in Short Blades
   948 | D:2      | Reached skill level 1 in Long Blades
   948 | D:2      | Reached skill level 1 in Axes
   948 | D:2      | Reached skill level 1 in Maces & Flails
   948 | D:2      | Reached skill level 1 in Polearms
   948 | D:2      | Reached skill level 1 in Staves
   948 | D:2      | Reached skill level 1 in Slings
   948 | D:2      | Reached skill level 1 in Crossbows
   948 | D:2      | Reached skill level 1 in Throwing
   948 | D:2      | Reached skill level 1 in Armour
   948 | D:2      | Reached skill level 1 in Stealth
   948 | D:2      | Reached skill level 1 in Shields
   948 | D:2      | Reached skill level 1 in Unarmed Combat
   948 | D:2      | Reached skill level 1 in Evocations
  1012 | D:2      | Reached XP level 4. HP: 34/34 MP: 8/8
  1085 | D:2      | Noticed Natasha
  1100 | D:2      | HP: 2/34 [white imp[Natasha] (2)]
  1100 | D:2      | Killed from afar by Natasha

Illustrated notes

Levels and vault maps discovered:
D:1:      dpeg_arrival_signposts, layout_loops_ring
D:2:      layout_rooms, uniq_natasha

Skill      XL: |  1  2  3 |
---------------+----------+-----
Invocations    | 1 |  1.1
Short Blades   | 1 |  1.0
Long Blades    | 1 |  1.0
Axes           | 1 |  1.0
Maces & Flails | 1 |  1.0
Polearms       | 1 |  1.0
Staves         | 1 |  1.0
Slings         | 1 |  1.0
Crossbows      | 1 |  1.0
Throwing       | 1 |  1.0
Armour         | 1 |  1.0
Stealth        | 1 |  1.0
Shields        | 1 |  1.0
Unarmed Combat | 1 |  1.0
Evocations     | 1 |  1.0
Fighting       | |  2.7
Bows           | |  4.6
Dodging        | |  4.6
Spellcasting   | |  2.9
Conjurations   | |  0.8
Hexes          | |  5.4
Summonings     | |  0.8
Necromancy     | |  0.8
Translocations | |  0.8
Transmutations | |  0.8
Fire Magic     | |  0.8
Ice Magic      | |  0.8
Air Magic      | |  0.8
Earth Magic    | |  0.8
Poison Magic   | |  0.8

Action                   |  1- 3 |  4- 6 || total
-------------------------+-------+-------++-------
Melee: Shortbow          |       |     2 ||     2
 Fire: Shortbow          |    92 |    23 ||   115
Armor: Robe              |     5 |       ||     5
       Quicksilver drago |       |    11 ||    11
Dodge: Dodged            |    13 |    20 ||    33
